 Dungeon Crawl Stone Soup version 0.30-a0-956-gcec3b41aec (webtiles) character file.

Game seed: 4588688723470124161

218 voltaire321 the Firebug (level 5, -1/42 HPs)
             Began as a Hill Orc Fire Elementalist on Mar 29, 2023.
             Slain by an orc
             ... wielding a +4 flail
              (3 damage)
             ... on level 4 of the Dungeon.
             The game lasted 00:08:48 (3046 turns).

voltaire321 the Firebug (HOFE)                      Turns: 3046, Time: 00:08:48

Health: -1/42      AC:  8    Str: 13    XL:     5   Next: 95%
Magic:  3/8        EV:  9    Int: 21    God:
Gold:   109        SH:  0    Dex: 11    Spells: 5/8 levels left

rFire   . . .      SeeInvis .    n - +1 dagger (venom)
rCold   . . .      Faith    .    (no shield)
rNeg    . . .      Spirit   .    t - +0 scale mail of Hangman {Will+ Int+6}
rPois   .          Reflect  .    c - +0 helmet
rElec   .          Rampage  .    (no cloak)
rCorr   .                        v - +0 pair of gloves
Will    +....                    (no boots) Stlth
                                 (no amulet)
HPRegen 0.27/turn                (no ring)
MPRegen 0.11/turn                (no ring)

@: no status effects
A: no striking features
a: Convert to Beogh


You were on level 4 of the Dungeon.
You visited 1 branch of the dungeon, and saw 4 of its levels.

You collected 109 gold pieces.

Inventory:

Hand Weapons
 f - a +1 dagger of flaming
 n - a +1 dagger of venom (weapon)
Armour
 a - a +0 robe
 c - a +0 helmet (worn)
 t - the +0 scale mail of Hangman (worn) {Will+ Int+6}
   (You found it on level 3 of the Dungeon)

   Int:       It affects your intelligence (+6).
   Will:      It increases your willpower.
 v - a +0 pair of gloves (worn)
Scrolls
 e - 3 scrolls of identify {unknown}
 g - a scroll of enchant armour {unknown}
 h - 2 scrolls of fear {unknown}
 k - 3 scrolls of blinking {unknown}
 p - a scroll of amnesia {unknown}
 r - a scroll of teleportation {unknown}
 u - a scroll of magic mapping {unknown}
 w - a scroll of vulnerability {unknown}
 x - a scroll of brand weapon {unknown}
Potions
 b - 2 potions of magic
 d - a potion of cancellation {unknown}
 i - a potion of berserk rage {unknown}
 j - a potion of flight {unknown}
 l - a potion of lignification {unknown}
 m - a potion of ambrosia {unknown}
 o - 2 potions of invisibility {unknown}
 q - a potion of brilliance {unknown}
 s - a potion of haste {unknown}


   Skills:
 + Level 2.5 Fighting
 + Level 1.9 Armour
 + Level 2.4 Dodging
 - Level 1.5 Stealth
 + Level 2.2 Spellcasting
 + Level 2.5 Conjurations
 + Level 4.1 Fire Magic


You had 5 spell levels left.
You knew the following spells:

 Your Spells              Type           Power      Damage    Failure   Level
a - Foxfire               Conj/Fire      64%        2x1d4     17%         1
b - Scorch                Fire           38%        2d7       19%         2

Your spell library contained the following spells:

 Spells                   Type           Power      Damage    Failure   Level
 Inner Flame              Hex/Fire       11%        N/A       65%         3
 Kindle Blastsparks       Fire/Tloc/Air  16%        2d11      75%         3
 Flame Wave               Conj/Fire      16%        2d7       86%         4


Dungeon Overview and Level Annotations

Branches:
Dungeon (4/15)
 Temple: D:4-7

Altars:
Gozag
Makhleb
Trog
Uskayaw
Wu Jian


Message History

The orc wizard hits you with a +0 dagger.
You hit the orc priest.
The orc priest is lightly wounded.
The orc closely misses you. The orc hits you but does no damage.
The orc priest hits you with a +0 dagger.
The orc wizard hits you but does no damage.
You closely miss the orc priest.
The orc priest is lightly wounded.
The orc hits you with a +4 flail. The orc closely misses you.
The orc priest invokes the aid of Beogh against you.
You resist with some effort.
The orc wizard hits you but does no damage.
You closely miss the orc priest.
The orc priest is lightly wounded.
The orc hits you with a +4 flail.
* * * LOW HITPOINT WARNING * * *
The orc hits you but does no damage. The orc priest barely misses you.
The orc wizard gestures wildly while chanting.
The orc wizard flickers and vanishes!
Deactivating autopickup; reactivate with Ctrl-A.
Your magical contamination has completely faded away.
The orc priest shouts, "Beogh is our master!
Accept the truth or die!"
You hit the orc priest.
The orc priest is poisoned.
The orc priest is lightly wounded.
The orc hits you with a +4 flail.
* * * LOW HITPOINT WARNING * * *
The orc hits you with a +0 club.
* * * LOW HITPOINT WARNING * * *
The orc priest closely misses you. Something hits you but does no damage.
You hit the orc priest but do no damage.
The orc priest looks as sick as possible!
The orc priest is moderately wounded.
The orc hits you but does no damage. x2
The orc priest hits you but does no damage.
Something hits you.
* * * LOW HITPOINT WARNING * * *
You hit the orc priest but do no damage.
The orc priest is moderately wounded.
The orc hits you with a +4 flail.
You die...

##. #.........# ##...
##._.....## #....##
#..._...# .......###
##....#.#
.........#####.......#
............#.)#######
..............##
......{o.....##
......o@....##
......o.....#
.............#
.............#
.........)....#
.............##
..............#
...........##.#


You could see an orc priest (extremely poisoned) and 2 orcs.

Vanquished Creatures
  A scorpion (D:4)
  An orc priest (D:4)
  5 adders
  3 worms
  2 dart slugs
  An orc (D:4)
  10 endoplasms
  7 giant cockroaches
  5 goblins
  4 hobgoblins
  2 jackals (D:2)
  6 kobolds
  2 quokkas
  6 ball pythons
  4 bats
  2 frilled lizards (D:2)
  8 rats
69 creatures vanquished.

Vanquished Creatures (others)
  80 foxfires
  3 plants (D:2)
83 creatures vanquished.

Grand Total: 152 creatures vanquished

Notes
Turn   | Place    | Note
-------+----------+-------------------------------------------
     0 | D:1      | voltaire321 the Hill Orc Fire Elementalist began the quest
                  | for the Orb.
     0 | D:1      | Reached XP level 1. HP: 14/14 MP: 3/3
   168 | D:1      | Reached XP level 2. HP: 22/22 MP: 1/4
   273 | D:1      | Learned a level 2 spell: Scorch
   412 | D:1      | Reached skill level 1 in Fighting
   781 | D:1      | Reached XP level 3. HP: 28/28 MP: 3/5
  1293 | D:2      | Reached XP level 4. HP: 34/35 MP: 4/6
  1433 | D:2      | Reached skill level 1 in Armour
  2140 | D:3      | Identified the +0 scale mail of Hangman {Will+ Int+6}
  2713 | D:3      | Reached XP level 5. HP: 35/41 MP: 8/8
  2934 | D:4      | Found a burning altar of Makhleb.
  2938 | D:4      | Reached skill level 4 in Fire Magic
  2939 | D:4      | Found an opulent altar of Gozag.
  2939 | D:4      | Found an ornate altar of the Wu Jian Council.
  2941 | D:4      | Found a hide-covered altar of Uskayaw.
  2941 | D:4      | Found a bloodstained altar of Trog.
  3044 | D:4      | HP: 2/42 [orc/+0 club (5)]
  3046 | D:4      | Slain by an orc

Illustrated notes

Levels and vault maps discovered:
D:1:      doesnt_arrival_eight_statues, layout_basic
D:2:      layout_basic, nrook_uturn, serial_bayou_pond_a
D:3:      layout_loops_corners, portal_sewer_entry_a, supply_closet_lemuel,
          grunt_decor_cap, nicolae_elevator_lobby_asterisk
D:4:      layout_cave_pods, grunt_temple_overflow_open

Skill      XL: |  1  2  3  4  5 |
---------------+----------------+-----
Fighting       | 1 2 |  2.5
Dodging        | 2 |  2.4
Armour         | 1 |  1.9
Conjurations   | 2 |  2.5
Spellcasting   | 2 |  2.2
Fire Magic     | 4 |  4.1
Stealth        | |  1.5

Action                     |  1- 3 |  4- 6 || total
---------------------------+-------+-------++-------
  Melee: Short sword       |     7 |       ||     7
         Dagger            |    35 |    90 ||   125
   Cast: Foxfire           |    30 |    14 ||    44
         Scorch            |       |    10 ||    10
   Stab: Sleeping          |     4 |     1 ||     5
 Armour: Robe              |    11 |    14 ||    25
         Scale mail        |       |    30 ||    30
  Dodge: Dodged            |    19 |    65 ||    84

Table legend: (Time is in decaauts)
 A = Elapsed time spent in this place.
 B = Non-inter-level travel time spent in this place.
 C = Inter-level travel time spent in this place.
 D = Time resting spent in this place.
 E = Time spent auto-exploring this place.
 F = Levels seen in this place.
 G = Mean time per level.
                   A        B        C        D        E       F      G
               +--------+--------+--------+--------+--------+-----+--------+
         Total |   3046 |   2994 |     52 |    236 |   1976 |   4 |  761.5 |
       Dungeon |   3046 |   2994 |     52 |    236 |   1976 |   4 |  761.5 |
               +--------+--------+--------+--------+--------+-----+--------+

Top non-repeatable levels by time:
     D:3: 1020 daAuts
     D:1: 1004 daAuts
     D:2: 892 daAuts
     D:4: 129 daAuts
